 Dungeon Crawl Stone Soup version 0.23.2-1-ga50397a (webtiles) character file.

Game seed: 5050867817904343965

85 classetmb the Caller (level 4, -2/24 HPs)
             Began as a Deep Elf Summoner on May 21, 2019.
             Slain by a worm (11 damage)
             ... on level 3 of the Dungeon.
             The game lasted 00:43:48 (2443 turns).

classetmb the Caller (Deep Elf Summoner)            Turns: 2443, Time: 00:43:49

Health: -2/24      AC:  2    Str:  5    XL:     4   Next: 25%
Magic:  1/12       EV: 13    Int: 21    God:
Gold:   85         SH:  0    Dex: 15    Spells: 3/12 levels left

rFire    . . .     SeeInvis .   h - +0 short sword
rCold    . . .     Gourm    .   (no shield)
rNeg     . . .     Faith    .   a - +0 robe
rPois    .         Spirit   .   (no helmet)
rElec    .         Reflect  .   (no cloak)
rCorr    .         Harm     .   (no gloves)
MR       .....                  (no boots)
Stlth    ++........             (no amulet)
HPRegen  0.08/turn              (no ring)
MPRegen  0.13/turn              (no ring)

@: no status effects
A: no striking features
a: no special abilities


You were on level 3 of the Dungeon.
You were not hungry.

You visited 1 branch of the dungeon, and saw 3 of its levels.

You collected 85 gold pieces.

Inventory:

Hand Weapons
 h - a +0 short sword (weapon)
 i - a cursed +0 hand axe
Missiles
 b - 36 sling bullets
 e - 67 stones (quivered)
 g - 17 poisoned needles
Armour
 a - a +0 robe (worn)
 d - a +0 ring mail
 f - a +0 leather armour
Wands
 k - a wand of disintegration (8)
Comestibles
 c - 4 rations


   Skills:
 + Level 2.5 Dodging
 + Level 2.6 Stealth
 + Level 4.8 Spellcasting
 + Level 0.2 Hexes
 + Level 5.3 Summonings


You had 3 spell levels left.
You knew the following spells:

 Your Spells              Type           Power        Failure   Level  Hunger
a - Summon Small Mammal   Summ           ####         1%          1    None
b - Call Imp              Summ           ####....     1%          2    None
c - Summon Guardian Gole  Hex/Summ       ###.....     11%         3    ##.....
d - Call Canine Familiar  Summ           ####....     3%          3    ##.....

Your spell library contained the following spells:

 Spells                   Type           Power        Failure   Level  Hunger
 Summon Ice Beast         Ice/Summ       ###.....     36%         4    ####...
 Summon Lightning Spire   Summ/Air       ###.....     36%         4    ####...


Dungeon Overview and Level Annotations

Branches:
Dungeon (3/15)

Altars:


Message History

The worm closely misses your white imp.
The worm bites your white imp but does no damage.
Your white imp disappears in a puff of smoke!
The worm bites you.
Things that are here:
a +0 war axe; a +0 leather armour; 3 stones
Casting: Call Imp (safe; 1% risk of failure)
Confirm with . or Enter, or press ? or * to list all spells.
A guardian golem appears, shielding your allies.
Casting: Summon Guardian Golem (safe; 11% risk of failure)
Confirm with . or Enter, or press ? or * to list all spells.
You see here 3 stones.
You swap places.
Your quokka bites the worm.
Your quokka closely misses the worm.
The worm bites your quokka!
Your quokka dies!
Your quokka's corpse disappears in a puff of smoke!
You barely miss the worm.
The worm is lightly wounded.
The worm bites you!
You die...

.### ## %.####
#.$.###)...####
..⌠.†.%..)(.%.. .#
###...###....#### ..# ..#
##.).#### ..# #######..
#.8### ...# #.....##.###w##.#
...#
#......#..#(@#..#######...###
#......##.#[##..#............
#.......#.#.#..(o(..((.......
#.......#...#..J#....(.......
#<......##.##.†o######!o†...#
#........#(#..5.# ....#.#
..........#.##r.## ....# #
####..##.#.#.##.{# ......
.......#.#.##..# ....#.#


You could see a worm and a friendly guardian golem.

Vanquished Creatures
  An ooze (D:3)
  A dart slug (D:2)
  A leopard gecko (D:3)
  An orc (D:3)
  A hobgoblin (D:3)
  A frilled lizard (D:1)
  2 rats
8 creatures vanquished.

Vanquished Creatures (collateral kills)
  3 adders
  A gnoll (D:1)
  An ooze (D:3)
  3 worms
  3 dart slugs (D:1)
  4 leopard geckos
  3 orcs (D:3)
  A ball python (D:1)
  A giant cockroach (D:2)
  A goblin (D:1)
  5 hobgoblins
  6 jackals (D:1)
  2 quokkas (D:2)
  6 bats
  A frilled lizard (D:2)
  A kobold (D:1)
  4 rats
46 creatures vanquished.

Vanquished Creatures (others)
  An orc wizard (D:3)
1 creature vanquished.

Grand Total: 55 creatures vanquished

Notes
Turn   | Place    | Note
-------+----------+-------------------------------------------
     0 | D:1      | classetmb the Deep Elf Summoner began the quest for the
                  | Orb.
     0 | D:1      | Reached XP level 1. HP: 10/10 MP: 6/6
   316 | D:1      | Reached XP level 2. HP: 15/15 MP: 6/8
   323 | D:1      | Learned a level 2 spell: Call Imp
   995 | D:2      | Reached XP level 3. HP: 19/19 MP: 7/10
  1000 | D:2      | Learned a level 3 spell: Summon Guardian Golem
  1166 | D:2      | Found a faded altar of an unknown god.
  1328 | D:2      | Reached skill level 5 in Summonings
  1333 | D:2      | Learned a level 3 spell: Call Canine Familiar
  2386 | D:3      | Reached XP level 4. HP: 9/24 MP: 0/12
  2443 | D:3      | Slain by a worm

Skill      XL: |  1  2  3 |
---------------+----------+-----
Spellcasting   | 4 |  4.8
Summonings     | 5 |  5.3
Dodging        | |  2.5
Stealth        | |  2.6
Hexes          | |  0.2

Action                   |  1- 3 |  4- 6 || total
-------------------------+-------+-------++-------
Melee: Unarmed           |     4 |       ||     4
       Short sword       |    12 |     1 ||    13
Throw: Stone             |     1 |       ||     1
 Cast: Summon Small Mamm |    31 |     2 ||    33
       Call Imp          |    27 |     1 ||    28
       Summon Guardian G |    19 |     1 ||    20
       Call Canine Famil |     9 |       ||     9
Evoke: Wand              |       |     4 ||     4
  Use: Scroll            |     5 |       ||     5
       Potion            |     3 |       ||     3
 Stab: Sleeping          |     2 |       ||     2
  Eat: Ration            |     2 |       ||     2
       Chunk             |     1 |       ||     1
Armor: Robe              |     8 |       ||     8
Dodge: Dodged            |    41 |     2 ||    43
